 Dungeon Crawl Stone Soup version 0.31-a0-1111-ga3525b893c (webtiles) character file.

Game seed: 6501301731389242411

263 inmateoo the Insei (level 5, -4/43 HPs)
             Began as a Demonspawn Monk on Dec 3, 2023.
             Slain by Crazy Yiuf
             ... wielding a +4 quarterstaff of chaos
              (17 damage)
             ... on level 3 of the Dungeon.
             The game lasted 00:02:15 (2766 turns).

inmateoo the Insei (Demonspawn Monk)                Turns: 2766, Time: 00:02:16

Health: -4/43      AC:  8    Str: 14    XL:     5   Next: 98%
Magic:  5/5        EV: 10    Int: 10    God:
Gold:   237        SH:  0    Dex: 15    Spells: 4/4 levels left

rFire   . .          .
                       - Unarmed
rCold   . . .        c - orb {light}
rNeg    . . .        k - +0 scale mail
rPois   .            (no helmet)
rElec   .            (no cloak)
rCorr   .            (no gloves)
SInv    .            l - +0 pair of boots
Will    .....        (no amulet) Stlth
                     (no ring)
HPRegen 0.27/turn    (no ring)
MPRegen 0.09/turn

%: no passive effects
@: mighty, glowing
A: rugged brown scales 1
a: no special abilities


You were on level 3 of the Dungeon.
You visited 1 branch of the dungeon, and saw 3 of its levels.

You collected 237 gold pieces.

Inventory:

Armour
 c - an orb of light (worn)
 k - a +0 scale mail (worn)
 l - a +0 pair of boots (worn)
Scrolls
 a - 3 scrolls of noise {unknown}
 d - a scroll of vulnerability {unknown}
 e - 5 scrolls of identify {unknown}
 f - 3 scrolls of enchant armour {unknown}
 g - a scroll of poison {unknown}
 h - a scroll of torment {unknown}
 m - a scroll of fear {unknown}
 n - 2 scrolls of fog {unknown}
Potions
 b - a potion of ambrosia
 i - a potion of heal wounds {unknown}
 o - 2 potions of resistance {unknown}
 p - a potion of degeneration {unknown}
 q - 2 potions of curing {unknown}
 r - a potion of mutation {unknown}


   Skills:
 + Level 3.9 Fighting
 + Level 1.7 Armour
 + Level 3.4 Dodging
 * Level 4.2 Unarmed Combat
 + Level 1.5 Shapeshifting


You had 4 spell levels left.
You didn't know any spells.
Your spell library contained the following spells:

 Spells                   Type           Power      Damage    Failure   Level
 Stone Arrow              Conj/Erth      0%         3d7       99%         3
 Brom's Barrelling Bould  Conj/Erth      0%         2d3       100%        4
 Petrify                  Tmut/Erth      0%         N/A       100%        4
 Shatter                  Erth           0%         3d5*      100%        9


Dungeon Overview and Level Annotations

Branches:
Dungeon (3/15)

Altars:

Annotations:
D:3 Crazy Yiuf


Innate Abilities, Weirdness & Mutations

You are partially covered in rugged brown scales. (AC +1, +3% HP)


Message History

Crazy Yiuf hits you with a +4 quarterstaff of chaos.
Crazy Yiuf burns you.
You are too injured to fight recklessly!
You hit Crazy Yiuf.
Crazy Yiuf is lightly wounded.
You hit Crazy Yiuf but do no damage.
Crazy Yiuf is lightly wounded.
Crazy Yiuf hits you but does no damage.
Okay, then.
Okay, then.
Throw: throwing net
Press: ? - help, Q - select action Shift-Dir - straight line, f - Crazy Yiuf
Aim: Crazy Yiuf, wielding a +4 quarterstaff of chaos and wearing a +0 cloak (lightly wounded, haloed, 80% to hit)
You throw a throwing net. The throwing net hits Crazy Yiuf.
Crazy Yiuf is caught in the net!
Crazy Yiuf is lightly wounded.
Crazy Yiuf struggles against the net.
You hit Crazy Yiuf but do no damage.
Crazy Yiuf is lightly wounded.
Crazy Yiuf struggles against the net.
You hit Crazy Yiuf.
Crazy Yiuf is moderately wounded.
Crazy Yiuf says, "Gum!"
Crazy Yiuf struggles against the net.
You hit Crazy Yiuf.
Crazy Yiuf is moderately wounded.
Crazy Yiuf says, "Citrus Orb Guardian shoe!"
Crazy Yiuf struggles against the net.
You hit Crazy Yiuf but do no damage.
Crazy Yiuf is moderately wounded.
Crazy Yiuf struggles against the net.
The net rips apart, and Crazy Yiuf comes free!
You hit Crazy Yiuf.
Crazy Yiuf is heavily wounded.
Crazy Yiuf hits you with a +4 quarterstaff of chaos!
You feel very mighty all of a sudden.
You barely miss Crazy Yiuf.
Crazy Yiuf is heavily wounded.
Crazy Yiuf hits you with a +4 quarterstaff of chaos!
You die...

.#####..#..........#####
#..##.
.......#.).#########
#..##. #######....# ###
#...#. ### #.....# #####
#.#####.....
..####...#.# #..)#
#...........
#..##....### #...#
#...........
##....#...## ...
#...###..... ####......#
#g# #...# #.....
#####.....# ♣♣@♣ #..##
#..... ##.....<...# ♣.♣♣
#.## #..... ...#########
♣♣.♣ ### #..... .###
♣.♣♣ #..... ## ♣♣.♣♣
###########. # ♣...♣♣
#....## #. ## ♣.)).♣
#.....## #. .#######
#..).# #......## #.
.......##
##+..+####.<.....###.


You could see Crazy Yiuf.

Vanquished Creatures
  A scorpion (D:3)
  2 hounds (D:3)
  5 gnolls
  2 adders (D:2)
  3 worms
  3 dart slugs
  An orc (D:3)
  3 ball pythons
  4 bats
  5 endoplasms
  4 giant cockroaches
  5 goblins
  9 hobgoblins
  A quokka (D:2)
  3 frilled lizards (D:1)
  8 kobolds
  6 rats
65 creatures vanquished.

Notes
Turn   | Place    | Note
-------+----------+-------------------------------------------
     0 | D:1      | inmateoo the Demonspawn Monk began the quest for the Orb.
     0 | D:1      | Reached XP level 1. HP: 18/18 MP: 1/1
   186 | D:1      | Gained mutation: You are partially covered in rugged brown
                  | scales. (AC +1, +3% HP) [demonic ancestry]
   186 | D:1      | Reached XP level 2. HP: 3/24 MP: 2/2
   281 | D:1      | Reached skill level 3 in Unarmed Combat
   903 | D:1      | Reached XP level 3. HP: 26/29 MP: 3/3
  1068 | D:2      | Reached skill level 1 in Armour
  1068 | D:2      | Reached XP level 4. HP: 26/36 MP: 4/4
  1211 | D:2      | Got Sif Muna's Secrets of Stony Transfiguration
  1343 | D:2      | Reached skill level 1 in Shapeshifting
  2100 | D:3      | Reached XP level 5. HP: 42/42 MP: 5/5
  2114 | D:3      | Reached skill level 4 in Unarmed Combat
  2696 | D:3      | Found a runed translucent door.
  2697 | D:3      | Noticed Crazy Yiuf
  2766 | D:3      | Slain by Crazy Yiuf

Illustrated notes

Levels and vault maps discovered:
D:1:      sevenhm_arrival_forest_fort_large_4, layout_basic
D:2:      layout_loops_ring, kennysheep_generic_room_9
D:3:      layout_rooms, serial_aquarium, aquarium_bridge_square
          [aquarium_subvault_wall, aquarium_subvault_window,
          aquarium_subvault_bridge, aquarium_subvault_window],
          aquarium_window_2, aquarium_window_1, aquarium_window_fake,
          aquarium_view_2g, aquarium_view_2a, aquarium_pool_four,
          cheibrodos_gnoll_hut, uniq_crazy_yiuf_cottage

Skill      XL: |  1  2  3  4  5 |
---------------+----------------+-----
Unarmed Combat | 3 4 |  4.2
Dodging        | 3 |  3.4
Armour         | 1 |  1.7
Shapeshifting  | 1 |  1.5
Fighting       | |  3.9

Action                     |  1- 3 |  4- 6 || total
---------------------------+-------+-------++-------
  Melee: Unarmed           |   105 |   160 ||   265
  Throw: Throwing net      |       |     1 ||     1
 Armour: Robe              |    35 |     1 ||    36
         Scale mail        |       |    83 ||    83
  Dodge: Dodged            |    68 |    65 ||   133

Table legend: (Time is in decaauts)
 A = Elapsed time spent in this place.
 B = Non-inter-level travel time spent in this place.
 C = Inter-level travel time spent in this place.
 D = Time resting spent in this place.
 E = Time spent auto-exploring this place.
 F = Levels seen in this place.
 G = Mean time per level.
                   A        B        C        D        E       F      G
               +--------+--------+--------+--------+--------+-----+--------+
         Total |   2752 |   2679 |     73 |    489 |   1654 |   3 |  917.3 |
       Dungeon |   2752 |   2679 |     73 |    489 |   1654 |   3 |  917.3 |
               +--------+--------+--------+--------+--------+-----+--------+

Top non-repeatable levels by time:
     D:1: 996 daAuts
     D:2: 979 daAuts
     D:3: 777 daAuts
